 Dungeon Crawl Stone Soup version 0.30-a0-900-g23479c02f2 (webtiles) character file.

Game seed: 6421870377888919439

141352 Iniera the Fighter (level 16, -23/141 HPs)
             Began as a Green Draconian Venom Mage on Mar 19, 2023.
             Was a High Priest of Cheibriados.
             Annihilated by a spark wasp (24 damage)
             ... on level 1 of the Depths.
             The game lasted 01:49:37 (39844 turns).

Iniera the Fighter (Green Draconian Venom Mage)    Turns: 39844, Time: 01:49:38

Health: -23/141    AC: 16    Str: 30    XL:     16   Next: 78%
Magic:  3/31       EV: 21    Int: 36    God:    Cheibriados [*****.]
Gold:   900        SH: 13    Dex: 32    Spells: 5/37 levels left

rFire   + . .      SeeInvis +    w - staff of earth
rCold   + . .      Faith    .    m - +0 buckler
rNeg    . . .      Spirit   .    (body armour unavailable)
rPois   +          Reflect  +    (helmet restricted)
rElec   .          Rampage  .    q - +1 cloak {Stlth+}
rCorr   .                        e - +1 pair of gloves
Will    +....                    i - +2 pair of boots
Stlth   ++++++                   h - amulet of reflection
HPRegen 0.43/turn                a - ring "Akuesir" {rF+ Str+5 SInv}
MPRegen 0.22/turn                y - ring of Tiolahul {rC+ Dex+5}

@: short of breath, very slow
A: breathe noxious fumes, AC +9, unfitting armour, stinger 1, poison resistance,
cold-blooded
a: Breathe Noxious Fumes, Renounce Religion, Bend Time, Temporal Distortion,
Slouch, Step From Time


You were on level 1 of the Depths.
You worshipped Cheibriados.
Cheibriados was extremely pleased with you.
You visited 6 branches of the dungeon, and saw 27 of its levels.
You visited 1 bazaar.
You also visited: Bailey.

You collected 3321 gold pieces.
You spent 2421 gold pieces at shops.

Inventory:

Hand Weapons
 b - the +10 hand axe of the End {holy, rF- rN+ Will++ MP+9}
   (You found it on level 2 of the Dungeon)

   rF:        It makes you vulnerable to fire.
   rN:        It protects you from negative energy.
   MP:        It affects your magic capacity (+9).
   Will:      It greatly increases your willpower.
Missiles
 I - 2 throwing nets
Armour
 e - a +1 pair of gloves (worn)
 i - a +2 pair of boots (worn)
 m - a +0 buckler (worn)
 q - a +1 cloak of stealth (worn)
Magical Staves
 w - a staff of earth (weapon)
Jewellery
 a - the ring "Akuesir" (left hand) {rF+ Str+5 SInv}
   (You took it off a wight on level 9 of the Dungeon)

   [ring of see invisible]

   Str:       It affects your strength (+5).
   rF:        It protects you from fire.
   SInv:      It lets you see invisible.
 h - an amulet of reflection (around neck)
 x - a ring of flight
 y - the ring of Tiolahul (right hand) {rC+ Dex+5}
   (You acquired it on level 9 of the Dungeon)

   [ring of protection from cold]

   Dex:       It affects your dexterity (+5).
   rC:        It protects you from cold.
Wands
 n - a wand of paralysis (3)
 o - a wand of roots (22)
 s - a wand of flame (61)
 t - a wand of polymorph (7)
 H - a wand of digging (3)
 J - a wand of mindburst (1)
Scrolls
 g - a scroll of silence
 k - a scroll of teleportation
 r - 6 scrolls of identify
 v - 2 scrolls of butterflies
 C - 12 scrolls of vulnerability
 D - 6 scrolls of poison
 G - 4 scrolls of fear
 K - 3 scrolls of amnesia
 M - 9 scrolls of blinking
 N - a scroll of magic mapping
Potions
 c - 3 potions of magic
 d - a potion of invisibility
 f - 6 potions of curing
 j - 3 potions of might
 l - 7 potions of attraction
 p - a potion of resistance
 z - 6 potions of brilliance
 A - 2 potions of lignification
 B - 2 potions of berserk rage
 E - 2 potions of cancellation
 F - 4 potions of flight
 L - a potion of mutation
Miscellaneous
 u - a condenser vane (inert)


   Skills:
 - Level 12.9 Fighting
 - Level 6.1 Staves
 - Level 8.5 Dodging
 - Level 7.4 Stealth
 - Level 7.4 Shields
 - Level 11.0 Spellcasting
 * Level 12.9 Conjurations
 - Level 2.2 Transmutations
 - Level 1.0 Fire Magic
 - Level 5.2 Air Magic
 + Level 11.3 Earth Magic
 - Level 5.8 Poison Magic
 - Level 12.1 Invocations
 - Level 5.5 Evocations


You had 5 spell levels left.
You knew the following spells:

 Your Spells              Type           Power      Damage    Failure   Level
a - Arcjolt               Conj/Air       35%        1d45      1%          5
b - Poisonous Vapours     Pois/Air       100%       N/A       1%          2
c - Olgreb's Toxic Radia  Pois           58%        N/A       2%          4
d - Ignite Poison         Fire/Tmut/Pois 41%        N/A       2%          3
e - Mephitic Cloud        Conj/Pois/Air  67%        N/A       1%          3
f - Stone Arrow           Conj/Erth      100%       3d13      1%          3
g - Orb of Destruction    Conj           42%        9d12      11%         7
h - Sublimation of Blood  Necr           19%        N/A       3%          2
i - Gell's Gravitas       Tloc           19%        N/A       8%          3

Your spell library contained the following spells:

 Spells                   Type           Power      Damage    Failure   Level
 Magic Dart               Conj           100%       1d8       0%          1
 Sting                    Tmut/Pois      100%       1d8       1%          1
 Cigotuvi's Dreadful Rot  Necr/Pois/Air  92%        N/A       1%          2
 Wereblood                Tmut           36%        N/A       1%          2
 Dazzling Flash           Conj/Hex       100%       N/A       1%          3
 Iskenderun's Mystic Bla  Conj/Tloc      60%        2d13      1%          4
 Petrify                  Tmut/Erth      80%        N/A       1%          4
 Sticky Flame             Conj/Fire      63%        2d8       1%          4
 Iskenderun's Battlesphe  Conj           85%        2d13      1%          5
 Vhi's Electric Charge    Tloc/Air       76%        N/A       2%          3
 Call Imp                 Summ           19%        N/A       3%          2
 Lesser Beckoning         Tloc           38%        N/A       3%          2
 Kindle Blastsparks       Fire/Tloc/Air  68%        2d15      3%          3
 Irradiate                Conj/Tmut      32%        3d22      3%          5
 Fireball                 Conj/Fire      31%        3d13      4%          5
 Freezing Cloud           Conj/Ice/Air   29%        6-21      6%          5
 Teleport Other           Tloc           19%        N/A       8%          3
 Summon Lightning Spire   Summ/Air       38%        N/A       9%          4
 Dispel Undead            Necr           19%        3d11      26%         4
 Conjure Ball Lightning   Conj/Air       35%        3x3d11    10%         6
 Starburst                Conj/Fire      31%        6d10      22%         6
 Lehudib's Crystal Spear  Conj/Erth      51%        10d12     75%         8
 Death Channel            Necr           9%         N/A       98%         6
 Storm Form               Tmut/Air       23%        N/A       99%         7
 Ozocubu's Refrigeration  Ice            9%         4d9       100%        7
 Summon Hydra             Summ           9%         N/A       100%        7
 Ignition                 Fire           13%        3d6       100%        8
 Maxwell's Capacitive Co  Air            27%        ∞         100%        8
 Polar Vortex             Ice            9%         N/A       100%        9
 Shatter                  Erth           50%        3d38*     100%        9
 Animate Armour           Summ/Erth      Unusable   N/A       N/A         4

Dungeon Overview and Level Annotations

Branches:
Dungeon (15/15)            Temple (1/1) D:7            Lair (5/5) D:9
 Shoals (0/4) Lair:3       Spider (3/4) Lair:2        Slime (0/5) Lair:4
    Orc (2/2) D:10            Elf (0/3) Orc:2        Vaults (0/5) D:14
 Depths (1/4) D:15         Bailey (visited)

Altars:
Ashenzari
Cheibriados
Dithmenos
Elyvilon
Fedhas
Gozag
Hepliaklqana
Kikubaaqudgha
Makhleb
Nemelex Xobeh
Okawaru
Qazlal
Ru
Sif Muna
Trog
Uskayaw
Vehumet
Wu Jian
Xom
Yredelemnul
Zin
The Shining One
Jiyva

Shops:
D:3 *   D:6 ?   D:10 (*   Orc:2 ::[

Portals:
Trove: D:14 (give 5 scrolls of fog)

Annotations:
D:3 2 transporters, AverageBear's ghost, amateur OpFi
D:14 3 runed translucent doors, 1 transporter, relicbr's ghost, journeyman HOMo
Spider:3 Mlioglotl


Innate Abilities, Weirdness & Mutations

You can breathe blasts of noxious fumes.
Your lurid green scales are hard. (AC +9)
You cannot fit into any form of body armour.
Your tail ends in a venomous barb.
Your system is resistant to poisons. (rPois)
You are cold-blooded and may be slowed by cold attacks.


Message History

The iron troll claws you! The iron troll barely misses you.
Casting: Arcjolt (mildly dangerous; 1% risk of failure)
Confirm with . or Enter, or press ? or * to list all spells.
Electricity surges outward!
You kill the iron troll!
Cheibriados thoroughly appreciates the change of pace.
The troll leather armour is intact enough to wear.
The ice dragon is severely wounded.
The water elemental resists.
The water elemental is severely damaged.
You feel sick.
You hear a horrible gurgling sound! x2; You hear an angry buzzing noise.
You block the ice dragon's attack.
The ice dragon claws you but does no damage.
You block the ice dragon's attack. The water elemental hits you.
The water elemental engulfs you in water!
A spark wasp comes into view.
You cannot cast spells while unable to breathe!
Aiming: Breathe Noxious Fumes (1% risk of failure)
Press: ? - help, Shift-Dir - straight line, f - you You exhale a blast of noxious fumes.
The blast of choking fumes hits you but does no damage.
Your lungs strain for air!
The ice dragon completely misses you. You block the ice dragon's attack.
The ice dragon barely misses you. The water elemental barely misses you.
Unknown command.
The ice dragon attacks as you move away!
You block the ice dragon's attack. x2
The ice dragon tramples you but does no damage.
* * * LOW HITPOINT WARNING * * *
Your lungs strain for air!
You feel sick.
You are no longer poisoned.
The spark wasp bursts into living lightning!
The living lightning hits you!!
* * * LOW HITPOINT WARNING * * *
The spark wasp blinks!
The water engulfing you falls away.
You gasp with relief as air once again reaches your lungs.
The spark wasp stings you!!
You die...

.......#...#..#
.................
.....#...........
.....$..[..~~...#
.....##..........
........<.....~~
.#...........≈~ .
#..††.).......
....#.†y@........#
......[ED....§....
............##....
.........#### ..u.
........u# #.u
.~...:....
.≈~........
~~~.......~
~~........:.


You could see an ice dragon, a green ugly thing (wandering), a spark wasp and a
water elemental.

Vanquished Creatures
  Arachne (Spider:3)
  Agnes (D:14)
  Donald (Spider:1)
  Kirke (D:14)
  A fire giant (D:15)
  3 ghost moths
  Louise (D:14)
  A broodmother (Spider:3)
  3 spark wasps
  Josephine (D:12)
  Snorg (Lair:5)
  An entropy weaver (Spider:1)
  A merfolk impaler (Depths:1)
  A fire dragon (Lair:5)
  Harold (Orc:2)
  An ettin (Orc:1)
  6 hydras
  A vault guard (D:14)
  4 radroaches
  A jorogumo (Spider:2)
  2 boulder beetles
  4 catoblepae
  2 ogre magi
  11 two-headed ogres
  A deep troll shaman (Depths:1)
  4 centaur warriors
  2 tengu warriors
  3 death yaks (Lair:5)
  Nergalle (D:12)
  An iron troll (Depths:1)
  2 skysharks
  5 pharaoh ants
  7 skeletal warriors
  5 orb spiders
  A swamp dragon (Lair:5)
  3 deep trolls (Depths:1)
  A sun moth (Spider:2)
  A lindwurm (Lair:5)
  5 steelbarb worms
  4 wizards
  2 deep elf pyromancers
  6 ugly things
  2 necromancers (D:14)
  11 orc sorcerers (Orc:2)
  4 manticores
  4 cyclopes
  13 wolf spiders
  4 moths of wrath
  9 elephants
  A black mamba (Lair:5)
  Maurice (D:12)
  An eye of devastation (shapeshifter) (D:14)
  A gargoyle (D:13)
  5 torpor snails
  3 demonic crawlers
  5 cane toads
  8 rime drakes
  3 unseen horrors
  A kobold demonologist (D:12)
  A freezing wraith (D:15)
  3 tengu conjurers
  6 komodo dragons
  A polar bear (Lair:4)
  5 trolls
  A meliai (D:13)
  19 tarantellas
  2 hornets
  19 blink frogs
  A snapping turtle (Lair:3)
  Grinder (D:3)
  6 dream sheep (Lair:5)
  15 culicivoras
  19 jumping spiders
  19 slime creatures
  A shadow (D:12)
  4 wyverns
  6 wraiths
  Sigmund (D:3)
  2 hogs (D:14)
  43 yaks
  A water elemental (D:12)
  4 vampires
  19 humans (D:14)
  A yak (shapeshifter) (D:15)
  6 steam dragons
  42 redbacks
  13 vampire mosquitoes
  8 basilisks
  A warg (Orc:2)
  4 acid dragons
  9 water moccasins
  3 swamp drakes (Lair:5)
  19 orc warriors
  2 black bears
  An ice beast (D:6)
  12 centaurs
  11 ogres
  10 wolves (Lair:5)
  5 boggarts (D:15)
  2 phantoms
  5 kobold brigands
  17 bullfrogs
  A gnoll sergeant (D:10)
  6 wights
  14 killer bees
  8 vampire bats (Bailey)
  2 howler monkeys
  3 electric eels (D:12)
  4 wolf zombies (Bailey)
  4 hounds
  A jelly (D:6)
  A gnoll bouda (D:9)
  14 orc priests
  8 iguanas
  37 orc wizards
  5 gnolls
  4 adders
  A shadow imp (D:6)
  A white imp (D:6)
  An ufetubus (D:6)
  A worm (D:2)
  2 dart slugs
  72 orcs
  6 bats
  4 endoplasms
  3 giant cockroaches
  A goblin (D:4)
  8 hobgoblins
  6 jackals
  4 quokkas
  5 ball pythons
  5 frilled lizards
  29 kobolds
  21 orc zombies (Bailey)
  4 rats
837 creatures vanquished.

Vanquished Creatures (others)
  A slime creature (D:14)
  An iguana (Lair:5)
  2 orc wizards (Orc:2)
  A kobold (D:5)
  32 fungi
  72 plants
  3 toadstools (D:8)
112 creatures vanquished.

Grand Total: 949 creatures vanquished

Notes
Turn   | Place    | Note
-------+----------+-------------------------------------------
     0 | D:1      | Iniera the Draconian Venom Mage began the quest for the
                  | Orb.
     0 | D:1      | Reached XP level 1. HP: 14/14 MP: 3/3
   121 | D:1      | Reached skill level 1 in Fighting
   186 | D:1      | Reached XP level 2. HP: 19/23 MP: 5/5
   768 | D:2      | Found a bloodstained altar of Trog.
   896 | D:1      | Reached XP level 3. HP: 16/30 MP: 6/6
  1199 | D:1      | Learned a level 2 spell: Poisonous Vapours
  1488 | D:2      | Reached XP level 4. HP: 30/38 MP: 4/8
  1530 | D:2      | Identified the +10 hand axe of the End {holy, rF- rN+
                  | Will++ MP+9}
  1618 | D:2      | Found a faded altar of an unknown god.
  2329 | D:3      | Found Oxtoadu's Assorted Antiques.
  2340 | D:3      | Bought a pink potion for 21 gold pieces
  2340 | D:3      | Bought a scroll labelled NIADUT SIE for 24 gold pieces
  2340 | D:3      | Bought a scroll labelled IMEFAD HISA for 24 gold pieces
  2579 | D:3      | Found a transporter.
  2579 | D:3      | Noticed AverageBear's ghost (amateur OpFi)
  2588 | D:3      | Found a transporter.
  2689 | D:3      | Noticed Sigmund
  2707 | D:3      | Killed Sigmund
  2708 | D:3      | Reached skill level 5 in Fighting
  2708 | D:3      | Reached XP level 5. HP: 48/48 MP: 3/10
  2811 | D:3      | Found a white marble altar of Elyvilon.
  2811 | D:3      | Found an ancient bone altar of Kikubaaqudgha.
  2855 | D:3      | Found a hide-covered altar of Uskayaw.
  2961 | D:3      | Noticed Grinder
  3142 | D:3      | Killed Grinder
  3143 | D:3      | Reached XP level 6. HP: 11/57 MP: 12/12
  3816 | D:4      | Found an iron altar of Okawaru.
  3963 | D:4      | Your scales start taking on a lurid green colour.
  3963 | D:4      | Reached XP level 7. HP: 56/63 MP: 13/13
  3963 | D:4      | Gained mutation: Your system is resistant to poisons.
                  | (rPois) [Green Draconian growth]
  4311 | D:4      | Found an opulent altar of Gozag.
  4646 | D:5      | Entered Level 5 of the Dungeon
  4707 | D:5      | Found a glowing golden altar of the Shining One.
  4831 | D:5      | Reached skill level 1 in Air Magic
  4903 | D:5      | Found a hazy altar of Hepliaklqana.
  4971 | D:5      | Found a broken altar of Ashenzari.
  5217 | D:5      | Reached skill level 5 in Poison Magic
  5754 | D:6      | Reached XP level 8. HP: 69/70 MP: 15/15
  5773 | D:6      | Found a burning altar of Makhleb.
  5972 | D:6      | Found a basalt altar of Yredelemnul.
  6159 | D:6      | Reached skill level 5 in Spellcasting
  6385 | D:6      | Found The Oracle's Delphic Readings.
  6411 | D:6      | Reached skill level 1 in Invocations
  6492 | D:6      | Bought a scroll of identify for 30 gold pieces
  6492 | D:6      | Bought a scroll of identify for 30 gold pieces
  6492 | D:6      | Bought a scroll of butterflies for 60 gold pieces
  6566 | D:6      | Killed an unseen horror
  6737 | D:6      | Found a glowing silver altar of Zin.
  6837 | D:7      | Found a flagged portal.
  6851 | Bailey   | Entered a bailey
  6857 | Bailey   | Learned a level 4 spell: Olgreb's Toxic Radiance
  6861 | Bailey   | Learned a level 3 spell: Ignite Poison
  6865 | Bailey   | Learned a level 3 spell: Mephitic Cloud
  7316 | Bailey   | Identified the +1 robe of Soft Rains {Will+ Str+5}
  7346 | Bailey   | Reached XP level 9. HP: 78/78 MP: 17/17
  7580 | Bailey   | Noticed a gargoyle
  7702 | D:7      | Reached skill level 5 in Stealth
  8128 | D:7      | Learned a level 3 spell: Stone Arrow
  8472 | D:7      | Found a staircase to the Ecumenical Temple.
  8599 | Temple   | Entered the Ecumenical Temple
  8670 | Temple   | Became a worshipper of Cheibriados the Contemplative
  8768 | D:8      | Noticed a two-headed ogre
  8879 | D:8      | Reached skill level 1 in Earth Magic
  8888 | D:7      | Reached skill level 1 in Conjurations
  8937 | D:8      | Killed a two-headed ogre
  9022 | D:8      | Reached XP level 10. HP: 89/89 MP: 14/18
  9033 | D:8      | Reached * piety under Cheibriados
  9499 | D:8      | Reached skill level 5 in Dodging
  9854 | D:9      | Identified a scroll of acquirement
  9856 | D:9      | Acquired the ring of Tiolahul {rC+ Dex+5}
  9911 | D:9      | Noticed an elephant
  9923 | D:9      | Reached skill level 5 in Invocations
 10156 | D:9      | Reached skill level 1 in Staves
 10396 | D:9      | Reached ** piety under Cheibriados
 10674 | D:9      | Reached skill level 1 in Shields
 10756 | D:9      | Found a staircase to the Lair.
 10939 | D:9      | Noticed a two-headed ogre
 10950 | D:9      | Killed a two-headed ogre
 11224 | D:9      | Killed an elephant
 11225 | D:9      | Reached skill level 10 in Fighting
 11440 | Lair:1   | Entered Level 1 of the Lair of Beasts
 11447 | Lair:1   | Reached skill level 1 in Evocations
 11537 | Lair:1   | Paralysed by a hornet for 3 turns
 11539 | Lair:1   | Reached XP level 11. HP: 83/99 MP: 15/20
 11682 | Lair:1   | You fall into a shaft and drop 1 floor!
 11865 | Lair:2   | Found a hole to the Spider Nest.
 11888 | Lair:2   | Reached *** piety under Cheibriados
 12504 | Lair:2   | Noticed a catoblepas
 12519 | Lair:2   | Killed a catoblepas
 13231 | Spider:1 | Entered Level 1 of the Spider Nest
 13243 | Spider:1 | Noticed Donald
 13392 | Lair:1   | Reached skill level 5 in Staves
 13396 | Lair:1   | Reached skill level 5 in Earth Magic
 13406 | Lair:1   | Reached skill level 5 in Shields
 14047 | Lair:1   | Reached **** piety under Cheibriados
 14408 | D:9      | Identified the ring "Akuesir" {rF+ Str+5 SInv}
 14416 | D:9      | Noticed a tengu warrior
 14421 | D:9      | Killed a tengu warrior
 14422 | D:9      | Noticed a catoblepas
 14605 | D:9      | Reached XP level 12. HP: 100/107 MP: 10/22
 14784 | D:9      | Killed a catoblepas
 15029 | D:10     | Entered Level 10 of the Dungeon
 15031 | D:10     | Reached ***** piety under Cheibriados
 15136 | D:10     | Found Seucw's Weapon Boutique.
 15144 | D:10     | Found a staircase to the Orcish Mines.
 15228 | D:10     | Found a radiant altar of Vehumet.
 15366 | D:10     | Found Taofoosh's Assorted Antiques.
 15374 | D:10     | Bought a potion of curing for 75 gold pieces
 15374 | D:10     | Bought a scroll of fear for 100 gold pieces
 15374 | D:10     | Bought a scroll of fog for 100 gold pieces
 15374 | D:10     | Bought 3 scrolls of identify for 150 gold pieces
 15382 | D:10     | Noticed a two-headed ogre
 15389 | D:10     | Killed a two-headed ogre
 16925 | Lair:3   | Found a staircase to the Shoals.
 17508 | Lair:4   | Found a viscous altar of Jiyva.
 17508 | Lair:4   | Noticed a catoblepas
 17636 | Lair:4   | Killed a catoblepas
 18074 | Lair:4   | Found a staircase to the Slime Pits.
 18143 | Lair:4   | Noticed a boulder beetle
 18151 | Lair:4   | Killed a boulder beetle
 18565 | Lair:5   | Entered Level 5 of the Lair of Beasts
 18566 | Lair:5   | Noticed Snorg
 18570 | Lair:5   | Reached XP level 13. HP: 110/116 MP: 17/25
 18575 | Lair:5   | Killed Snorg
 19162 | Lair:5   | Noticed a fire dragon
 19173 | Lair:5   | Killed a fire dragon
 19571 | Lair:5   | Reached ****** piety under Cheibriados
 21552 | Lair:5   | Gained mutation: Your tail ends in a venomous barb. [Green
                  | Draconian growth]
 21552 | Lair:5   | Reached XP level 14. HP: 88/127 MP: 7/27
 21997 | Orc:1    | Entered Level 1 of the Orcish Mines
 22506 | Orc:2    | Entered Level 2 of the Orcish Mines
 22879 | Orc:2    | Found a staircase to the Elven Halls.
 23243 | Orc:2    | Found a shimmering blue altar of Sif Muna.
 23397 | Orc:1    | Noticed Harold
 23406 | Orc:2    | Killed Harold
 23407 | Orc:2    | Reached skill level 5 in Evocations
 23836 | Orc:2    | Paralysed by an orc sorcerer for 3 turns
 24021 | Orc:2    | Found Olasixi's Antique Armour Boutique.
 24028 | Orc:2    | Paralysed by an orc sorcerer for 2 turns
 24039 | Orc:2    | Found Uphiuschi's Magic Scroll Shop.
 24111 | Orc:2    | Bought a scroll of acquirement for 572 gold pieces
 24111 | Orc:2    | Bought a scroll of identify for 22 gold pieces
 24111 | Orc:2    | Bought a scroll of identify for 22 gold pieces
 24111 | Orc:2    | Bought a scroll of identify for 22 gold pieces
 24111 | Orc:2    | Bought a scroll of magic mapping for 82 gold pieces
 24111 | Orc:2    | Bought a scroll of teleportation for 33 gold pieces
 24111 | Orc:2    | Bought a scroll of blinking for 82 gold pieces
 24111 | Orc:2    | Bought a scroll of teleportation for 33 gold pieces
 24111 | Orc:2    | Bought a scroll of fear for 44 gold pieces
 24112 | Orc:2    | Acquired 767 gold pieces
 24132 | Orc:2    | Bought a runed cloak for 210 gold pieces
 24154 | Orc:2    | Found an ancient bone altar of Kikubaaqudgha.
 24155 | Orc:2    | Paralysed by an orc sorcerer for 3 turns
 24215 | Orc:2    | Found Jegugeri's Book Boutique.
 24227 | Orc:2    | Found a radiant altar of Vehumet.
 24336 | Orc:2    | Found Powauhaoluj's Book Shop.
 24344 | Orc:2    | Bought the Vademecum on Rocky Frostbite for 600 gold pieces
 24619 | D:11     | Found a flickering gateway to a bazaar.
 24625 | Bazaar   | Entered a bazaar
 24644 | Bazaar   | Found Gowecut's Assorted Antiques.
 24649 | Bazaar   | Bought a potion of heal wounds for 85 gold pieces
 24650 | Bazaar   | Found Fadoe's Armour Emporium.
 24675 | Bazaar   | Found Dij Riso's Assorted Antiques.
 24676 | Bazaar   | Found Hefar's Weapon Boutique.
 24784 | D:11     | Reached skill level 10 in Invocations
 25736 | D:12     | Noticed Josephine
 26464 | D:12     | Killed Josephine
 26947 | D:12     | Noticed Nergalle
 26952 | D:12     | Killed Nergalle
 27232 | D:12     | Noticed Maurice
 27242 | D:12     | Killed Maurice
 27561 | D:11     | Learned a level 5 spell: Arcjolt
 27694 | Spider:1 | Reached skill level 5 in Conjurations
 27694 | Spider:1 | Killed Donald
 27851 | Spider:1 | Reached skill level 10 in Spellcasting
 27851 | Spider:1 | Reached XP level 15. HP: 62/134 MP: 8/29
 28366 | Spider:1 | HP: 2/134 [redback (16)]
 28446 | Spider:1 | Reached skill level 1 in Fire Magic
 30280 | D:12     | HP: 3/134 [skeletal warrior/+0 trident (23)]
 32109 | D:13     | Reached skill level 5 in Air Magic
 32790 | D:14     | Found a portal to a secret trove of treasure.
 32800 | D:14     | Noticed Agnes
 32808 | D:14     | Killed Agnes
 32931 | D:14     | Found a runed translucent gate.
 32931 | D:14     | Noticed a fire giant
 32951 | D:14     | Noticed relicbr's ghost (journeyman HOMo)
 32986 | D:14     | Learned a level 7 spell: Orb of Destruction
 33076 | D:14     | Noticed Kirke
 33084 | D:14     | Killed Kirke
 33206 | D:14     | Found a transporter.
 33207 | D:14     | Found a transporter.
 33210 | D:14     | Found a transporter.
 33228 | D:14     | Found a transporter.
 33283 | D:14     | Noticed Louise
 33296 | D:14     | Killed Louise
 33628 | D:14     | Found an ancient bone altar of Kikubaaqudgha.
 33635 | D:14     | Found a runed translucent gate.
 33635 | D:14     | Found a runed translucent gate.
 33772 | D:14     | Identified the +0 cloak of Afiud {rC++ rN+ Int-4}
 33780 | D:14     | Reached XP level 16. HP: 141/141 MP: 23/31
 33864 | D:14     | Found a gate to the Vaults.
 33870 | D:14     | Reached skill level 10 in Conjurations
 34184 | D:15     | Entered Level 15 of the Dungeon
 34258 | D:15     | Found a staircase to the Depths.
 34739 | D:15     | Reached skill level 10 in Earth Magic
 35806 | Spider:2 | Paralysed by a jorogumo for 1 turns
 38373 | Spider:3 | Noticed Mlioglotl
 38470 | Spider:3 | Noticed Arachne
 38482 | Spider:3 | Killed Arachne
 38519 | Spider:3 | HP: 2/141 [Mlioglotl (14)]
 38542 | Spider:3 | HP: 6/141 [Mlioglotl (3)]
 38924 | Spider:3 | Learned a level 2 spell: Sublimation of Blood
 38936 | Spider:3 | Learned a level 3 spell: Gell's Gravitas
 39831 | Depths:1 | Entered Level 1 of the Depths
 39844 | Depths:1 | HP: 1/141 [spark wasp/living lightning (31)]
 39844 | Depths:1 | Annihilated by a spark wasp

Illustrated notes

Levels and vault maps discovered:
D:1:      lemuel_arrival_behind_the_door_small, layout_loops_ring
D:2:      layout_basic, hellmonk_ecumenical_altar_crossroads, basic_altar,
          minmay_pentomino_q4
D:3:      layout_loops_corners, mainiacjoe_overflow_cross_hatched,
          gammafunk_temple_overflow_statue, gammafunk_ghost_mausoleum,
          serial_shops, shop, chequers_hall_statues_wall_a,
          serial_bayou_lagoon_a, uniq_sigmund, uniq_grinder
D:4:      layout_basic, okawaru_trees_1, nicolae_gozag_seed_capital,
          fountainhead, minmay_diced_spiral
D:5:      kennysheep_kobold_camp, layout_basic, nzn_hepliaklqana_mist_gate,
          nicolae_tso_carved_into_rock, kennysheep_mini_moat
D:6:      layout_basic, zin_academy, mainiacjoe_overflow_boulevard,
          mainiacjoe_overflow_alcove_4, nicolae_nh_oracle_at_delphi
D:7:      layout_loops_ring, minmay_temple_entry_grid, enter_bailey_2,
          amcnicky_mini_rare_corridor_liquid,
          minmay_a_box_with_orc_wizards_in_it
D:8:      layout_rooms, minmay_gold_behind_fungi
D:9:      kennysheep_windowed_halls, layout_basic, david_lair_generic
D:10:     layout_rooms, mainiacjoe_overflow_chevrons, orc_0_dummy, serial_shops,
          nicolae_stop_n_shop_1, nicolae_shop_statue_plus
D:11:     layout_basic, serial_shops, bzr_entry_safe
D:12:     nicolae_moon_pools, layout_gridville, kennysheep_kite_vault,
          uniq_maurice, uniq_josephine, uniq_nergalle
D:13:     minmay_bubble_buster, layout_loops_ring
D:14:     layout_cave_pools, grunt_vaults_entry_tiered, enter_trove_1,
          kiku_gazebo_pond_becter, gammafunk_ghost_split,
          nicolae_diode_quadrants, uniq_kirke, uniq_agnes, uniq_louise
D:15:     grunt_enter_depths_giant_problem, layout_basic,
          serial_co_window_serial, co_window_paths_b, co_window_corner_a,
          co_window_of_opportunity_a, co_window_cross_1, co_window_paths_a,
          co_window_unsneaky_path_c, co_window_corner_cb,
          co_window_of_opportunity_c, co_window_broadway_b,
          co_window_unsneaky_path_a, co_window_broadway_a, glass_columns_c,
          glass_columns_b, glass_columns_b, glass_columns_c
Temple:   eino_wide_crystal_templ
Lair:1:   layout_misc_corridors, portal_ice_cave_entry_pillars_2, st_stairs_9
Lair:2:   layout_hall_layers, nicolae_spider_entry_tight_spaces
Lair:3:   layout_regular_city, minmay_shoals_entry_hut, lemuel_fruit_fields
Lair:4:   layout_gridlike, slime_entry_1, serial_bayou_shore_b
Lair:5:   hangedman_lair_in_review, layout_loops_ring, guppyfry_lair_end_dragon,
          uniq_snorg
Spider:1: layout_spider_delve, nicolae_spider_paper_wasps, uniq_donald
Spider:2: layout_chambers
Spider:3: nicolae_spider_hilbert_zone_5 [nicolae_spider_hilbert_3_sides_1_open,
          nicolae_spider_hilbert_4_sides_1_open,
          nicolae_spider_hilbert_4_sides_1_open,
          nicolae_spider_hilbert_6_sides_1_open,
          nicolae_spider_hilbert_6_sides_1_open], uniq_mlioglotl, uniq_arachne
Orc:1:    layout_caves, uniq_harold
Orc:2:    kennysheep_orc_mage_school, layout_caves, kennysheep_orc_sif_temple
Depths:1: layout_cave_pools, serial_bayou_pond_c, hell_entry,
          hangedman_decor_peaks_small, firewood_loft

Skill      XL: |  1  2  3  4  5  6  7  8  9 10 11 12 13 14 15 16 |
---------------+-------------------------------------------------+-----
Fighting       | 1 2 3 5 6 8 10 11 12 | 12.9
Spellcasting   | 3 4 5 6 7 8 9 10 11 | 11.0
Stealth        | 2 3 4 5 6 7 |  7.4
Poison Magic   | 4 5 |  5.8
Dodging        | 2 3 4 5 7 8 |  8.5
Air Magic      | 1 2 5 |  5.2
Transmutations | 2 |  2.2
Invocations    | 2 4 5 8 9 10 12 | 12.1
Earth Magic    | 2 3 5 6 8 9 11 | 11.3
Conjurations   | 2 4 5 9 12 | 12.9
Staves         | 3 5 6 |  6.1
Shields        | 3 5 6 7 |  7.4
Evocations     | 1 4 5 |  5.5
Fire Magic     | 1 |  1.0

Action                     |  1- 3 |  4- 6 |  7- 9 | 10-12 | 13-15 | 16-18 || total
---------------------------+-------+-------+-------+-------+-------+-------++-------
  Melee: Dagger            |    84 |    49 |   224 |    45 |       |       ||   402
         Tailslap          |    16 |    11 |    52 |   129 |   201 |    61 ||   470
         Punch             |     2 |       |     4 |     1 |       |       ||     7
         Hand axe          |       |     9 |    76 |     1 |       |       ||    86
         Rapier            |       |       |    11 |       |       |       ||    11
         Staff             |       |       |       |   555 |   888 |   228 ||  1671
   Cast: Poisonous Vapours |     1 |     7 |    16 |    64 |    39 |    33 ||   160
         Sting             |     1 |       |     3 |       |       |       ||     4
         Mephitic Cloud    |       |       |    10 |    15 |     9 |     1 ||    35
         Ignite Poison     |       |       |     9 |    40 |    52 |    17 ||   118
         Olgreb's Toxic Ra |       |       |     1 |    28 |    65 |    19 ||   113
         Stone Arrow       |       |       |       |    36 |   240 |    43 ||   319
         Arcjolt           |       |       |       |       |     7 |    12 ||    19
         Orb of Destructio |       |       |       |       |     2 |    15 ||    17
         Gell's Gravitas   |       |       |       |       |       |     3 ||     3
 Invoke: Slouch            |       |       |       |       |    13 |     2 ||    15
         Step From Time    |       |       |       |       |     1 |     2 ||     3
         Temporal Distorti |       |       |       |       |     1 |       ||     1
Ability: Breathe Noxious F |       |       |    13 |     4 |    12 |     2 ||    31
  Evoke: Wand              |       |       |     8 |       |    18 |     5 ||    31
         Condenser vane    |       |       |       |       |       |     2 ||     2
    Use: Scroll            |     2 |     6 |     7 |    18 |    12 |     7 ||    52
         Potion            |       |       |       |       |     8 |     4 ||    12
   Stab: Sleeping          |     3 |     2 |     9 |     7 |    12 |     4 ||    37
         Confused          |       |       |     3 |     1 |       |       ||     4
         Distracted        |       |       |       |     3 |     3 |       ||     6
 Armour: Skin              |    27 |    25 |   132 |   235 |   304 |   119 ||   842
  Dodge: Dodged            |    57 |    32 |   202 |   365 |   862 |   334 ||  1852
  Block: Other             |       |       |    19 |    12 |       |       ||    31
         Reflection        |       |       |     3 |     9 |     9 |     1 ||    22
         Buckler           |       |       |       |   404 |   835 |   288 ||  1527

Table legend: (Time is in decaauts)
 A = Elapsed time spent in this place.
 B = Non-inter-level travel time spent in this place.
 C = Inter-level travel time spent in this place.
 D = Time resting spent in this place.
 E = Time spent auto-exploring this place.
 F = Levels seen in this place.
 G = Mean time per level.
                   A        B        C        D        E       F      G
               +--------+--------+--------+--------+--------+-----+--------+
         Total |  51445 |  47761 |   3684 |   7230 |  32456 |  29 | 1774.0 |
       Dungeon |  26201 |  24461 |   1740 |   3243 |  17470 |  15 | 1746.7 |
        Temple |     80 |     51 |     29 |      0 |     44 |   1 |   80.0 |
          Lair |  12609 |  11503 |   1106 |   1340 |   8516 |   5 | 2521.8 |
   Spider Nest |   7964 |   7601 |    363 |   2204 |   4064 |   3 | 2654.7 |
  Orcish Mines |   3675 |   3231 |    444 |    335 |   1901 |   2 | 1837.5 |
        Depths |     16 |     16 |      0 |      0 |      0 |   1 |   16.0 |
        Bazaar |    141 |    141 |      0 |      0 |    108 |   1 |  141.0 |
        Bailey |    756 |    756 |      0 |    108 |    352 |   1 |  756.0 |
               +--------+--------+--------+--------+--------+-----+--------+

Top non-repeatable levels by time:
Spider:2: 4140 daAuts
  Lair:5: 4126 daAuts
     D:9: 3173 daAuts
    D:12: 2951 daAuts
   Orc:2: 2764 daAuts
  Lair:2: 2742 daAuts
    D:13: 2522 daAuts
Spider:1: 2503 daAuts
    D:11: 2395 daAuts
    D:14: 2198 daAuts
  Lair:4: 2167 daAuts
    D:15: 2052 daAuts
  Lair:3: 1860 daAuts
  Lair:1: 1711 daAuts
    D:10: 1557 daAuts
